 Dungeon Crawl Stone Soup version 0.29-a0-542-g075992c915 (webtiles) character file.

Game seed: 14261451147486486975

14434 snarfax the Severer (level 11, -7/99 HPs)
             Began as a Minotaur Berserker on June 5, 2022.
             Was a High Priest of Trog.
             Mangled by a cane toad (18 damage)
             ... on level 9 of the Dungeon.
             The game lasted 00:55:14 (10924 turns).

snarfax the Severer (Minotaur Berserker)           Turns: 10924, Time: 00:55:15

Health: -7/99      AC: 15    Str: 28    XL:     11   Next: 88%
Magic:  10/10      EV:  5    Int:  6    God:    Trog [*****.]
Gold:   594        SH: 16    Dex: 11    Spells: 10/10 levels left

rFire   + + .      SeeInvis .   Q - +0 broad axe (freeze)
rCold   . . .      Faith    .   d - +0 tower shield
rNeg    . . .      Spirit   .   C - +0 plate armour
rPois   .          Reflect  .   N - +2 hat
rElec   .          Harm     .   i - +0 cloak
rCorr   .          Rampage  .   V - +0 pair of gloves
Will    .....      NoCast   +   (no boots)
Stlth   ..........              H - amulet of Kirheu {-Cast rF+ Regen+ Str+5}
HPRegen 1.06/turn               h - ring of protection from fire
MPRegen 0.12/turn               (no ring)

@: about to teleport
A: horns 2, retaliatory headbutt
a: Renounce Religion, Berserk, Trog's Hand, Brothers in Arms


You were on level 9 of the Dungeon.
You worshipped Trog.
Trog was extremely pleased with you.
You visited 2 branches of the dungeon, and saw 11 of its levels.
You also visited: Sewer, Ossuary and Bailey.

You collected 594 gold pieces.

Inventory:

Hand Weapons
 a - a +1 hand axe of flaming
 f - a +0 broad axe
 F - a +0 battleaxe of chaos
 I - the +9 lance "Wyrmbane" {slay drac, rPois rF+ rC+ AC+3}
   (You took it off Maggie on level 6 of the Dungeon)

   It inflicts extra damage against dragons and draconians.
   AC:        It affects your AC (+3).
   rF:        It protects you from fire.
   rC:        It protects you from cold.
   rPois:     It protects you from poison.
 Q - a +0 broad axe of freezing (weapon)
Missiles
 w - 17 poisoned darts
 B - 4 boomerangs
 T - 2 curare-tipped darts (quivered)
Armour
 b - a +2 scale mail of cold resistance
 d - a +0 tower shield (worn)
 e - a +0 ring mail
 i - a +0 cloak (worn)
 C - a +0 plate armour (worn)
 N - a +2 hat (worn)
 V - a +0 pair of gloves (worn)
Jewellery
 h - a ring of protection from fire (left hand)
 l - a ring of magical power
 H - the amulet of Kirheu (around neck) {-Cast rF+ Regen+ Str+5}
   (You found it on level 6 of the Dungeon)

   [amulet of regeneration]

   Str:       It affects your strength (+5).
   rF:        It protects you from fire.
   -Cast:     It prevents spellcasting.
   Regen:     It increases your rate of health regeneration.
Wands
 r - a wand of digging (21)
 G - a wand of iceblast (19)
 J - a wand of polymorph (5)
 M - a wand of mindburst (22)
 S - a wand of charming (4)
 U - a wand of flame (19)
 X - a wand of acid (5)
Scrolls
 j - 3 scrolls of poison
 n - 5 scrolls of vulnerability
 s - 4 scrolls of enchant weapon
 t - 2 scrolls of magic mapping
 v - a scroll of amnesia
 y - a scroll of fear
 D - 5 scrolls of teleportation
 E - a scroll of blinking {unknown}
 O - a scroll of fog
 P - a scroll of enchant armour {unknown}
 Y - a scroll of acquirement
Potions
 c - 3 potions of invisibility
 g - 2 potions of resistance
 k - 3 potions of lignification
 m - 2 potions of attraction
 o - a potion of flight
 p - 2 potions of might
 q - 4 potions of brilliance
 u - a potion of berserk rage
 x - 3 potions of haste
 z - 4 potions of degeneration
 A - 2 potions of curing
 K - 2 potions of heal wounds
 R - a potion of mutation
 W - a potion of magic


   Skills:
 - Level 10.0 Fighting
 - Level 18.0 Axes
 - Level 2.4 Armour
 - Level 2.1 Dodging
 + Level 11.1 Shields


You had 10 spell levels left.
You didn't know any spells.
Your spell library was empty.

Dungeon Overview and Level Annotations

Branches:
Dungeon (10/15)            Temple (0/1) D:6            Lair (1/6) D:9
  Sewer (visited)         Ossuary (visited)          Bailey (visited)
    Orc: D:9-12

Altars:
Dithmenos
Hepliaklqana
Kikubaaqudgha
Nemelex Xobeh
Qazlal
Trog
Vehumet
The Shining One
Beogh

Shops:
D:3 =   D:6 !

Annotations:
D:8 3 runed translucent doors, Tonberto's ghost, novice DgCj; frimble's ghost, novice GnWr; valliere's ghost, novice MiFi
D:10 Fannar


Innate Abilities, Weirdness & Mutations

You have a pair of horns on your head.
You reflexively headbutt those who attack you in melee.


Message History

You barely miss the wolf. The wolf bites you but does no damage.
You block the black mamba's attack. You block the wolf's attack.
The cane toad stings you. The wolf barely misses you. You furiously retaliate!
You headbutt the wolf. You slash the cane toad! You freeze the cane toad.
You headbutt the cane toad, but do no damage.
The cane toad is moderately wounded.
You miss the wolf. You barely miss the black mamba. You closely miss the wolf.
The black mamba is no longer moving slowly.
The wolf bites you. You block the black mamba's attack.
You block the wolf's attack. The cane toad stings you.
You are poisoned.
The cane toad poisons you! You block the wolf's attack.
The black mamba bites you.
* * * LOW HITPOINT WARNING * * *
You are lethally poisoned!
The black mamba poisons you!
You feel better. The wolf bites you but does no damage.
You block the wolf's attack. The cane toad completely misses you.
The black mamba bites you but does no damage.
The wolf bites you but does no damage. You block the wolf's attack.
As you read the scroll of teleportation, it crumbles to dust.
You feel strangely unstable. The black mamba bites you!
* * * LOW HITPOINT WARNING * * *
The wolf bites you but does no damage. The cane toad stings you!
* * * LOW HITPOINT WARNING * * *
You block the wolf's attack. The black mamba bites you!
* * * LOW HITPOINT WARNING * * *
You are lethally poisoned!
The black mamba poisons you! You block the wolf's attack.
The cane toad stings you.
* * * LOW HITPOINT WARNING * * *
You are more poisoned.
The cane toad poisons you!
You feel better. You block the black mamba's attack.
The wolf bites you but does no damage. You block the wolf's attack.
The black mamba bites you.
* * * LOW HITPOINT WARNING * * *
The wolf bites you but does no damage. The cane toad stings you!!
You die...

####........##...################
...#........##...#
##.#........##.### ######
##.#.#########.######### #.....
##.#.######............# #.####
##.#...[.+...........#.# #.#
...#.####..............# #.#
####.# #.....#..†.....# #.# #.#
##....#.@h.....## #.# #.#
##....FhS......# #.#
####.#####..............####.####
.................................
#########'#..##.......#..###.####
# #.......##.#.##....###.# #
#.......##...##....'.#.# #
#.......##.####....#.#.# #
#.......##.# #....#.#.#


You could see a black mamba, a cane toad and 2 wolves.

Vanquished Creatures
  A vault guard (Bailey)
  Maggie (D:6)
  2 trolls (D:9)
  2 hornets
  Prince Ribbit (Bailey)
  A wyvern (D:8)
  A basilisk (D:9)
  19 yaks
  5 humans (Bailey)
  A redback (shapeshifter) (D:7)
  2 steam dragons
  Menkaure (D:7)
  3 vampire mosquitoes (D:9)
  4 water moccasins
  A black bear (D:4)
  Duvessa (D:7)
  4 orc warriors (D:9)
  A hornet zombie (Ossuary)
  4 wolves
  2 centaurs
  A phantom (D:5)
  A kobold brigand (Sewer)
  10 bullfrogs
  A wyvern zombie (Ossuary)
  2 scorpions
  9 wights (D:6)
  3 water moccasin zombies (Ossuary)
  Dowan (D:7)
  3 killer bees (D:9)
  5 howler monkeys
  5 bullfrog zombies (Ossuary)
  A centaur zombie (Ossuary)
  2 hounds (D:5)
  A jelly (D:6)
  4 orc priests
  An iron imp (D:7)
  Jessica (D:3)
  5 iguanas
  16 orc wizards
  A hell rat (D:9)
  2 killer bee zombies (Ossuary)
  A howler monkey zombie (Ossuary)
  13 mummies
  6 adders
  A shadow imp (D:6)
  3 ufetubi
  3 worms
  2 dart slugs (D:4)
  59 orcs
  7 ball pythons
  6 bats
  9 endoplasms
  8 giant cockroaches
  6 hobgoblins
  18 jackals
  4 quokkas
  2 frilled lizards (D:1)
  9 goblins
  A goblin skeleton (D:7)
  3 hobgoblin zombies (D:7)
  16 kobolds
  2 orc skeletons (D:7)
  7 rats
318 creatures vanquished.

Vanquished Creatures (collateral kills)
  A vault guard (Bailey)
  3 death yaks (D:9)
  Grinder (D:5)
  Grum (D:9)
  2 wolves (D:9)
  A hell rat (D:9)
  2 river rats (D:9)
  A quokka (D:9)
12 creatures vanquished.

Vanquished Creatures (others)
  A wizard (D:8)
  A human (D:3)
  4 plants
  13 withered plants
19 creatures vanquished.

Grand Total: 349 creatures vanquished

Notes
Turn   | Place    | Note
-------+----------+-------------------------------------------
     0 | D:1      | snarfax the Minotaur Berserker began the quest for the Orb.
     0 | D:1      | Reached XP level 1. HP: 19/19 MP: 0/0
    72 | D:1      | Reached skill level 4 in Axes
    81 | D:1      | Reached XP level 2. HP: 20/26 MP: 1/1
   747 | D:1      | Reached skill level 5 in Axes
  1027 | D:2      | Reached XP level 3. HP: 31/31 MP: 2/2
  1325 | D:2      | Found a glowing golden altar of the Shining One.
  1330 | D:2      | Reached ** piety under Trog
  2171 | D:3      | Found Ysmedd's Jewellery Shoppe.
  2290 | D:3      | Reached skill level 6 in Axes
  2290 | D:3      | Reached XP level 4. HP: 39/39 MP: 3/3
  2305 | D:3      | Found a glowing drain.
  2312 | Sewer    | Entered a sewer
  2693 | Sewer    | Noticed a kobold brigand
  2706 | Sewer    | Killed a kobold brigand
  2707 | Sewer    | Reached skill level 7 in Axes
  2707 | Sewer    | Reached XP level 5. HP: 44/45 MP: 4/4
  3338 | D:3      | Noticed Jessica
  3341 | D:3      | Reached *** piety under Trog
  3346 | D:3      | Killed Jessica
  3586 | D:3      | Found a faded altar of an unknown god.
  3640 | D:3      | Found an ancient bone altar of Kikubaaqudgha.
  3641 | D:3      | Noticed a human
  3644 | D:3      | Killed a human
  3851 | D:4      | Found a sand-covered staircase.
  3860 | D:4      | Reached skill level 8 in Axes
  3863 | Ossuary  | Entered an ossuary
  3873 | Ossuary  | Reached XP level 6. HP: 31/43 MP: 5/5
  4057 | Ossuary  | Reached skill level 9 in Axes
  4071 | Ossuary  | Reached XP level 7. HP: 17/57 MP: 6/6
  4102 | Ossuary  | Reached skill level 10 in Axes
  4505 | Ossuary  | Reached skill level 11 in Axes
  4803 | Ossuary  | Reached XP level 8. HP: 40/64 MP: 7/7
  5251 | D:4      | You fall into a shaft and drop 1 floor!
  5251 | D:5      | Entered Level 5 of the Dungeon
  5277 | D:5      | Reached **** piety under Trog
  5278 | D:5      | Reached skill level 12 in Axes
  5308 | D:5      | Noticed Grinder
  5320 | D:5      | Paralysed by Grinder for 4 turns
  5322 | D:5      | Killed Grinder
  5323 | D:5      | Reached skill level 13 in Axes
  6605 | D:5      | Reached skill level 14 in Axes
  6665 | D:5      | Found a sparkling altar of Nemelex Xobeh.
  6884 | D:6      | Found a shadowy altar of Dithmenos.
  6931 | D:6      | Reached XP level 9. HP: 57/72 MP: 8/8
  6934 | D:6      | Reached skill level 5 in Fighting
  7081 | D:6      | Found a staircase to the Ecumenical Temple.
  7264 | D:6      | Identified the amulet of Kirheu {-Cast rF+ Regen+ Str+5}
  7278 | D:6      | Noticed Maggie
  7305 | D:6      | HP: 2/75 [something (12)]
  7494 | D:7      | Noticed Dowan
  7502 | D:7      | Noticed Duvessa
  7507 | D:6      | Reached ***** piety under Trog
  7534 | D:7      | Paralysed by a hornet for 2 turns
  7589 | D:7      | Noticed Menkaure
  7634 | D:6      | Found Geent's Distillery.
  7648 | D:6      | Killed Maggie
  7649 | D:6      | Reached skill level 15 in Axes
  8165 | D:7      | Found a hazy altar of Hepliaklqana.
  8196 | D:7      | Found a glowing golden altar of the Shining One.
  8211 | D:7      | Killed Menkaure
  8213 | D:7      | Killed Duvessa
  8242 | D:7      | Killed Dowan
  8268 | D:7      | Noticed a glowing shapeshifter
  8268 | D:7      | a howler monkey changed into a glowing shapeshifter
  8268 | D:7      | Noticed a steelbarb worm
  8268 | D:7      | a glowing shapeshifter changed into a steelbarb worm
  8273 | D:7      | a steelbarb worm changed into a redback
  8279 | D:7      | Reached XP level 10. HP: 75/88 MP: 9/9
  8676 | D:8      | Found a flagged portal.
  8691 | Bailey   | Entered a bailey
  8703 | Bailey   | Reached skill level 16 in Axes
  8813 | Bailey   | Noticed Prince Ribbit
  8813 | Bailey   | Noticed a vault guard
  8819 | Bailey   | Killed a vault guard
  8827 | Bailey   | Killed Prince Ribbit
  8828 | Bailey   | Reached skill level 17 in Axes
  8869 | Bailey   | Noticed a vault guard
  8878 | Bailey   | Killed a vault guard
  8948 | D:8      | Reached skill level 10 in Fighting
  8982 | D:8      | Found a runed translucent gate.
  8983 | D:8      | Found a runed translucent gate.
  8983 | D:8      | Found a runed translucent gate.
  8984 | D:8      | Noticed frimble's ghost (novice GnWr)
  8986 | D:8      | Noticed Tonberto's ghost (novice DgCj)
  8986 | D:8      | Noticed valliere's ghost (novice MiFi)
  9006 | D:8      | Found a stormy altar of Qazlal.
  9237 | D:8      | Received a gift from Trog
  9401 | D:8      | Reached XP level 11. HP: 87/99 MP: 10/10
  9443 | D:8      | Found a bloodstained altar of Trog.
  9444 | D:8      | Noticed a wizard
  9449 | D:8      | Killed a wizard
  9631 | D:9      | Reached skill level 18 in Axes
  9631 | D:9      | Reached skill level 1 in Shields
  9651 | D:9      | Found a radiant altar of Vehumet.
  9898 | D:9      | Reached skill level 5 in Shields
 10026 | D:9      | Noticed a death yak
 10048 | D:9      | Killed a death yak
 10078 | D:9      | Noticed a death yak
 10078 | D:9      | Noticed Grum
 10088 | D:9      | Noticed a death yak
 10096 | D:9      | Killed a death yak
 10097 | D:9      | Killed Grum
 10101 | D:9      | Killed a death yak
 10144 | D:9      | Found a staircase to the Lair.
 10283 | D:9      | Identified a scroll of acquirement
 10697 | D:10     | Entered Level 10 of the Dungeon
 10754 | D:10     | Noticed Fannar
 10822 | Lair:1   | Entered Level 1 of the Lair of Beasts
 10847 | Lair:1   | Reached skill level 10 in Shields
 10924 | D:9      | Mangled by a cane toad

Illustrated notes

Levels and vault maps discovered:
D:1:      co_arrival_square_in_a_square_in_a_square, layout_loops_cross
D:2:      layout_basic, basic_altar
D:3:      layout_loops_cross, tgw_kikubaaqudgha, gup_sewer_entry_pipe,
          chequers_ecumenical_altar_simple, serial_shops, shop_statue,
          uniq_jessica
D:4:      layout_rooms, gup_ossuary_entry_pyramid
D:5:      layout_gridville, nemelex_diamond_rough_becter, uniq_grinder
D:6:      layout_basic, nicolae_dithmenos_shadow_blocks,
          lemuel_temple_firewalk_b, serial_shops, shop, uniq_maggie
D:7:      layout_rooms, nzn_hepliaklqana_mist_gate,
          nicolae_tso_besieged_by_evil, uniq_duvessa, uniq_menkaure
D:8:      layout_rooms, mainiacjoe_overflow_small_starburst, trog_wizard,
          gammafunk_ghost_cemetery, enter_bailey_3
D:9:      layout_basic, nicolae_vehumet_altar_sigil, dpeg_lair_monsters,
          special_room [special_room_orc], uniq_grum
D:10:     layout_basic, small_statue_alley_a, uniq_fannar
Lair:1:   layout_chaotic_city, gammafunk_ghost_ooze, st_stairs_3,
          serial_bayou_shore_b, grunt_megastairs_3, infiniplex_staircase_pool

Skill      XL: |  1  2  3  4  5  6  7  8  9 10 11 |
---------------+----------------------------------+-----
Axes           | 4 5 6 7 8 9 11 14 15 17 18 | 18.0
Fighting       | 4 8 10 | 10.0
Shields        | 11 | 11.1
Armour         | |  2.4
Dodging        | |  2.1

Action                   |  1- 3 |  4- 6 |  7- 9 | 10-12 || total
-------------------------+-------+-------+-------+-------++-------
Melee: Hand axe          |    98 |   150 |   233 |       ||   481
       Headbutt          |    13 |    23 |    68 |    53 ||   157
       Battleaxe         |       |       |   132 |    74 ||   206
       Unarmed           |       |       |     6 |       ||     6
       Broad axe         |       |       |       |   219 ||   219
Invok: Berserk           |       |     1 |     1 |       ||     2
       Brothers in Arms  |       |       |     1 |     4 ||     5
       Trog's Hand       |       |       |     1 |       ||     1
Evoke: Wand              |       |       |     2 |     2 ||     4
  Use: Scroll            |    10 |     5 |     8 |     9 ||    32
       Potion            |     1 |     1 |     9 |     4 ||    15
Armor: Ring mail         |    42 |    17 |       |       ||    59
       Scale mail        |       |    62 |    66 |       ||   128
       Plate armour      |       |       |   121 |   158 ||   279
Dodge: Dodged            |    21 |    37 |    79 |    62 ||   199
Block: Tower shield      |    45 |    88 |    92 |   119 ||   344

Table legend: (Time is in decaauts)
 A = Elapsed time spent in this place.
 B = Non-inter-level travel time spent in this place.
 C = Inter-level travel time spent in this place.
 D = Time resting spent in this place.
 E = Time spent auto-exploring this place.
 F = Levels seen in this place.
 G = Mean time per level.
                   A        B        C        D        E       F      G
               +--------+--------+--------+--------+--------+-----+--------+
         Total |  11186 |  10875 |    311 |   1640 |   6374 |  14 |  799.0 |
       Dungeon |   8910 |   8600 |    310 |    737 |   5828 |  10 |  891.0 |
          Lair |     63 |     63 |      0 |      0 |      0 |   1 |   63.0 |
         Sewer |    628 |    628 |      0 |    254 |    216 |   1 |  628.0 |
       Ossuary |   1344 |   1344 |      0 |    649 |    307 |   1 | 1344.0 |
        Bailey |    239 |    239 |      0 |      0 |     21 |   1 |  239.0 |
               +--------+--------+--------+--------+--------+-----+--------+

Top non-repeatable levels by time:
 Ossuary: 1344 daAuts
     D:6: 1319 daAuts
     D:9: 1167 daAuts
     D:2: 1161 daAuts
     D:3: 1124 daAuts
     D:1: 1039 daAuts
     D:4: 979 daAuts
     D:5: 758 daAuts
     D:8: 745 daAuts
   Sewer: 628 daAuts
     D:7: 538 daAuts
  Bailey: 239 daAuts
    D:10: 76 daAuts
  Lair:1: 63 daAuts
